 Dungeon Crawl Stone Soup version 0.01-2161-g8ec87df2bd (webtiles) character file.

Game seed: 14932058439603642758, levelgen mode: deterministic

8 Lanoc the Unbeliever (level 2, 0/19 HPs) Lignifite Demonspawn. Began on July 1, 2020. Slain by a cinder newt (6 damage) ... on level 1 of the Dungeon. The game lasted 00:00:46 (86 turns).

Lanoc the Unbeliever (Lignifite Demonspawn)           Turns: 86, Time: 00:00:46

Health: 0/19       AC:  1    Str: 19    XL:     2 ^: 29
Magic:  6/6        EV: 17    Int: 13    God:
Gold:   18         SH:  5    Dex:  7    Spells: 4/5 levels left

rFire    x . .     Vision   .   a - +0 flail
rCold    . . .     Gourm    .   (weapon restricted)
rNeg     . . .     Faith    .   b - +0 robe
rPois    +         Spirit   .   (helmet restricted)
rElec    .         Reflect  .   (no cloak)
rCorr    .         Harm     .   (gloves unavailable)
MR       .....                  (boots unavailable)
Stlth    +.........             (no amulet)
HPRegen  0.16/turn              (no ring)
MPRegen  0.16/turn              (no ring)

@: quick
A: very small, rF-, large wooden plates 1, deformed body, speed 1, poison
resistance, slow metabolism 1, torment resistance, plant, rot immunity
a: no special abilities


You were on level 1 of the Dungeon.
You were not hungry.

You visited 1 branch of the dungeon, and saw 1 of its levels.

You collected 18 gold pieces.

Inventory:

Weapons
 a - a +0 flail (weapon)
Armour
 b - a +0 robe (worn)
Scrolls
 c - a scroll of magic mapping
Comestibles
 d - a ration


   Skills:
 + Level 2.1 Fighting
 * Level 2.6 Whips & Flails
 + Level 2.8 Dodging
 - Level 1.7 Stealth
 - Level 2.1 Spellcasting
   Level 3.0 Invocations


You had 4 spell levels left.
You knew the following spells:

 Your Spells              Type           Power        Failure   Level  Hunger
a - Flame Tongue          Fire           1 (40)       26%         1    ##.....

Your spell library contained the following spells:

 Spells                   Type           Power        Failure   Level  Hunger
 Blink                    Tloc           N/A          36%         2    ###....
 Call Imp                 Summ           1 (100)      36%         2    ###....
 Slow                     Hex            1 (100)      36%         2    ###....
 Conjure Flame            Fire           1 (100)      58%         3    ####...
 Mephitic Cloud           Pois/Air       1 (100)      58%         3    ####...


Dungeon Overview and Level Annotations

Branches:
Dungeon (1/8)

Altars:


Innate Abilities, Weirdness & Mutations

Your woody flesh burns easily. (rF-)
A tangle of shorter branches protects your body from attack. (+1 SH)
You are very small and have problems with some larger weapons.
You are too small for most types of armour.
You are partially covered in large wooden plates. (SH +4)
Armour fits poorly on your strangely shaped body.
You cover ground quickly.
Your system is resistant to poisons. (rPois)
You have a slow metabolism.
You are immune to unholy pain and torment.
You require very little carbon dioxide to survive.
You are immune to rotting.


Message History

The cinder newt misses you (0). The cinder newt barely misses you (0).
You aren't carrying any potions.
You hit the cinder newt (5).
The cinder newt is moderately wounded. (8/13) HP You barely miss the cinder newt.
The cinder newt is moderately wounded. (8/13) HP The cinder newt closely misses you (0).
You hit the cinder newt (5).
The cinder newt is severely wounded. (3/13) HP You closely miss the cinder newt.
The cinder newt is severely wounded. (3/13) HP The cinder newt bites you (1).
The cinder newt burns you! The fire burns you terribly!
You closely miss the cinder newt. x2; The cinder newt misses you (0).
You barely miss the cinder newt. The cinder newt blocks your attack.
You block the cinder newt's attack. The cinder newt closely misses you (0).
You closely miss the cinder newt. x2; The cinder newt misses you (0).
You barely miss the cinder newt. x2; The cinder newt bites you (1).
The cinder newt burns you! The fire burns you terribly!
You die...

###...###...##....#
#.......####..#.#
##+###†#####.....#
#...#...# #.....##
#.>.#...#....#.##
#...#...#....#.#
#.>.#.<.####.#.##
#..?#...# #.#..#
#.>.#...# ..##@#
#...#...# .# #l#
##+###+## . #.##
#..# ##.# #†# #.#
#....# #...?.


You could see a cinder newt.

Vanquished Creatures
  2 dart slugs (D:1)
  A leopard gecko (D:1)
  A rat (D:1)
4 creatures vanquished.

Notes
Turn   | Place    | Note
-------+----------+-------------------------------------------
     0 | D:1      | Lanoc the Lignifite Demonspawn began the quest for the Orb.
     0 | D:1      | Reached XP level 1. HP: 12/12 MP: 4/4
    57 | D:1      | Gained mutation: You are partially covered in large wooden
                  | plates. (SH +4) [demonic ancestry]
    57 | D:1      | Reached XP level 2. HP: 19/19 MP: 6/6
    86 | D:1      | Slain by a cinder newt

Levels and vault maps discovered:
D:1:      minmay_arrival_up_and_down, layout_rooms

Action                   || total
-------------------------++-------
Melee: Flail             ||    24
       Unarmed           ||    20
Throw: Stone             ||     4
       Skull             ||     4
       Rusty metal       ||     3
       Bone              ||     1
 Cast: Flame Tongue      ||     1
Armor: Robe              ||     1
Dodge: Dodged            ||    18
Block: Other             ||     1
